[Event "Titled Tuesday Blitz February 07 Early 2023"]
[White "Manukian, Artak"]
[Black "Souleidis, Georgios"]
[WhiteFideId "13301373"]
[BlackFideId "4206827"]
[WhiteElo "2196"]
[BlackElo "2419"]
[Result "0-1"]
[Round "08"]
[TimeControl "180+2"]
[Date "2023.02.07"]
[WhiteClock "0:00:01"]
[BlackClock "0:00:09"]

1. e4 c5 2. Nf3 e6 3. c3 d5 4. e5 d4 5. cxd4 cxd4 6. Bb5+ Nc6 7. Bxc6+ bxc6 8. Qa4 Ne7 9. Nxd4 Bd7 10. Nb3 Ng6 11. O-O Nxe5 12. d4 c5 13. Qa6 cxd4 14. Nxd4 Bc5 15. Nb3 Bb6 16. Nc3 O-O 17. Qe2 Ng6 18. Be3 Bxe3 19. Qxe3 Bc6 20. Rfd1 Qf6 21. Na5 Rfc8 22. Nxc6 Rxc6 23. Rd2 h6 24. Rad1 a6 25. Ne4 Qe5 26. g3 Rac8 27. Kg2 f5 28. Nd6 Qxe3 29. fxe3 Rb8 30. b3 Ne5 31. e4 Ng4 32. Re2 Rd8 33. Nxf5 Rxd1 34. Ne7+ Kf7 35. Nxc6 Rc1 36. Nb4 a5 37. Nd3 Rc3 38. Nf2 Ne5 39. Nd1 Rc1 40. Ne3 g5 41. h3 h5 42. Rd2 Ke7 43. Re2 g4 44. hxg4 hxg4 45. Rd2 Re1 46. Kf2 Ra1 47. Nc4 Nf3 48. Rc2 a4 49. bxa4 Rh1 50. Ke3 e5 51. a5 Re1+ 52. Kd3 Nd4 53. Rb2 Rd1+ 54. Kc3 Rc1+ 55. Kd3 Rd1+ 56. Nd2 Rc1 57. a6 Rc6 58. a7 Ra6 59. Rb7+ Kf6 60. Rb6+ Rxb6 61. a8=Q Rc6 62. Qh8+ Ke6 0-1


[Site "https://www.chess.com"]

[Event "Titled Tuesday Blitz February 07 Early 2023"]
[White "Orzech, Dominik"]
[Black "Balabayeva, Xeniya"]
[WhiteFideId "1115065"]
[BlackFideId "13719688"]
[WhiteElo "2308"]
[BlackElo "2191"]
[Result "0-1"]
[Round "08"]
[TimeControl "180+2"]
[Date "2023.02.07"]
[WhiteClock "0:00:09"]
[BlackClock "0:00:03"]

1. Nf3 d5 2. c4 e6 3. d4 Nf6 4. Nc3 c5 5. cxd5 cxd4 6. Qxd4 exd5 7. Bg5 Be7 8. e3 O-O 9. Rd1 Be6 10. Be2 Nc6 11. Qa4 Qb6 12. Rd2 h6 13. Bh4 g5 14. Bg3 Ne4 15. Nxe4 dxe4 16. Qxe4 Bb4 17. Bd3 Bxd2+ 18. Nxd2 Rfd8 19. Qh7+ Kf8 20. Qxh6+ Ke8 21. Qh8+ Ke7 22. Qc3 Nb4 23. Bc4 Rac8 24. b3 Nxa2 25. Qe5 f6 26. Qe4 Nc3 27. Qh7+ Ke8 28. Qh8+ Kf7 29. Qh7+ Kf8 30. h4 Bxc4 31. bxc4 Qb1+ 32. Qxb1 Nxb1 33. Nxb1 Rxc4 34. O-O Rd3 35. hxg5 fxg5 36. Be5 a5 37. f4 g4 38. Bd4 a4 39. Kf2 b5 40. Ke2 Rb3 41. Nd2 Rc2 42. Rd1 a3 43. Ke1 Rd3 44. Nb3 Rxb3 45. f5 a2 46. f6 Rb1 47. Bc5+ Rxc5 48. f7 Rxd1+ 49. Kxd1 a1=Q+ 50. Kd2 Qb2+ 51. Kd3 Qc2+ 52. Kd4 Qc4# 0-1


[Site "https://www.chess.com"]

[Event "Titled Tuesday Blitz February 07 Early 2023"]
[White "Jimenez, Joaquin"]
[Black "Kuderinov, Kirill"]
[WhiteFideId "109860"]
[BlackFideId "13701568"]
[WhiteElo "2195"]
[BlackElo "2404"]
[Result "0-1"]
[Round "08"]
[TimeControl "180+2"]
[Date "2023.02.07"]
[WhiteClock "0:01:35"]
[BlackClock "0:01:23"]

1. c4 e5 2. Nc3 Nf6 3. Nf3 Nc6 4. g3 d5 5. cxd5 Nxd5 6. Bg2 Be6 7. O-O Be7 8. a3 O-O 9. Nxd5 Bxd5 10. b4 e4 11. Ne1 Bf6 12. Rb1 Ba2 13. Rb2 Bxb2 14. Bxb2 Re8 15. Qa1 Bc4 16. d3 exd3 17. exd3 Bxd3 18. Nxd3 Qxd3 19. Bxg7 Rad8 20. Bxc6 bxc6 21. Bh8 Qg6 22. Be5 Rd7 23. Qc3 Rd3 24. Qb2 Re7 25. h4 h5 26. Bd4 Qg4 27. Bc5 Re2 0-1


[Site "https://www.chess.com"]

[Event "Titled Tuesday Blitz February 07 Early 2023"]
[White "Pinheiro, Iung Alicio de O."]
[Black "sabkeIXO"]
[WhiteFideId "2104350"]
[WhiteElo "2306"]
[BlackElo "2467"]
[Result "1-0"]
[Round "08"]
[TimeControl "180+2"]
[Date "2023.02.07"]
[WhiteClock "0:00:25"]
[BlackClock "0:00:43"]

1. e4 d5 2. exd5 Nf6 3. d4 Nxd5 4. Nf3 Bg4 5. c4 Nb6 6. Nc3 Nc6 7. c5 Nd5 8. Bc4 e6 9. Bb5 Be7 10. h3 Bxf3 11. Qxf3 O-O 12. Bxc6 bxc6 13. O-O Bf6 14. Rd1 Rb8 15. a3 Nxc3 16. bxc3 Qd5 17. Qg3 Rb3 18. Bf4 a5 19. Bxc7 a4 20. Rd3 Rc8 21. Rf3 Qd7 22. Bd6 Be7 23. Be5 Bf8 24. h4 Kh8 25. h5 f6 26. Bf4 h6 27. Qg6 Qe8 28. Re3 Qxg6 29. hxg6 e5 30. dxe5 Bxc5 31. Rd3 fxe5 32. Bxe5 Rxa3 33. Rad1 Ra2 34. Rd8+ 1-0


[Site "https://www.chess.com"]

[Event "Titled Tuesday Blitz February 07 Early 2023"]
[White "Mathieu, Phileas"]
[Black "The_Sherman_Variation"]
[WhiteFideId "36048410"]
[WhiteElo "2374"]
[BlackElo "2461"]
[Result "0-1"]
[Round "08"]
[TimeControl "180+2"]
[Date "2023.02.07"]
[WhiteClock "0:00:08"]
[BlackClock "0:00:17"]

1. e4 c6 2. Nc3 d5 3. Nf3 dxe4 4. Nxe4 Nf6 5. Neg5 h6 6. Nxf7 Kxf7 7. Ne5+ Ke8 8. Bd3 Qd5 9. Bg6+ Kd8 10. Nf7+ Kc7 11. O-O Rg8 12. d4 Bf5 13. Bf4+ Kc8 14. c4 Qe4 15. Bxf5+ Qxf5 16. Bg3 Nbd7 17. d5 c5 18. Re1 Ne4 19. Rxe4 Qxe4 20. b4 Qf5 21. bxc5 Nxc5 22. Qd4 Nd7 23. c5 Qf6 24. Ne5 g5 25. c6 Nb6 26. Qg4+ e6 27. dxe6 Be7 28. cxb7+ Kxb7 29. Qe4+ Ka6 30. Qd3+ Kb7 31. Rb1 Rac8 32. Qe4+ Ka6 33. Nd7 Qc3 34. a4 Qc1+ 35. Qe1 Qxe1+ 36. Rxe1 Nxa4 37. Ra1 Kb5 38. h3 Rcd8 39. Rb1+ Ka5 40. Rb7 Nb6 41. Rxa7+ Kb5 42. Ne5 Rd1+ 43. Kh2 Bd6 44. Rb7 Re8 45. Rxb6+ Kxb6 46. Nc4+ Kc6 47. Nxd6 Rxd6 48. Bxd6 Kxd6 49. Kg3 Kxe6 50. Kg4 Kf6 51. g3 Re4+ 52. f4 Kf7 53. Kf3 Rc4 54. Kg4 Kg6 55. h4 h5+ 56. Kf3 g4+ 0-1


[Site "https://www.chess.com"]

[Event "Titled Tuesday Blitz February 07 Early 2023"]
[White "Song, Julien"]
[Black "Abdilkhair, Abilmansur"]
[WhiteFideId "659487"]
[BlackFideId "13716417"]
[WhiteElo "2350"]
[BlackElo "2268"]
[Result "1-0"]
[Round "08"]
[TimeControl "180+2"]
[Date "2023.02.07"]
[WhiteClock "0:00:06"]
[BlackClock "0:00:02"]

1. d4 Nf6 2. c4 e6 3. Nf3 d5 4. g3 Be7 5. Bg2 O-O 6. Qd3 c6 7. O-O b6 8. Nc3 Ba6 9. b3 Nbd7 10. e4 Rc8 11. e5 Ne8 12. a4 Nc7 13. h4 dxc4 14. bxc4 Nc5 15. Qc2 Nb7 16. Ne4 h6 17. Be3 Na5 18. Nfd2 Nd5 19. Rfc1 Nxe3 20. fxe3 c5 21. d5 f5 22. Nc3 Qe8 23. d6 Bd8 24. Ne2 Bb7 25. Nf4 Bxg2 26. Kxg2 g5 27. hxg5 hxg5 28. Ne2 Qc6+ 29. Kf2 Kg7 30. Rh1 g4 31. Nf4 Bg5 32. Rh5 Bxf4 33. exf4 Rh8 34. Rah1 Qxh1 35. Rxh1 Rxh1 36. Nf1 Rch8 37. Qd3 Nc6 38. a5 Nd4 39. axb6 axb6 40. Qa3 R1h7 41. Qa7+ Kg6 42. Qxb6 Rg7 43. Qxc5 Nf3 44. Qc6 Rb8 45. d7 Rb2+ 46. Ke3 Rb1 47. Qxe6+ Kh7 48. Qxf5+ Kh6 49. Qxb1 Rxd7 50. Qf5 Rg7 51. Qf6+ Kh7 52. Nd2 Nh2 53. Qf5+ Rg6 54. Qh5+ Kg7 55. Qxh2 1-0


[Site "https://www.chess.com"]

[Event "Titled Tuesday Blitz February 07 Early 2023"]
[White "Devaev, Alexander"]
[Black "Czopor, Maciej"]
[WhiteFideId "4169395"]
[BlackFideId "21805431"]
[WhiteElo "2325"]
[BlackElo "2385"]
[Result "1/2-1/2"]
[Round "08"]
[TimeControl "180+2"]
[Date "2023.02.07"]
[WhiteClock "0:00:10"]
[BlackClock "0:00:11"]

1. d4 g6 2. c4 Bg7 3. e4 d6 4. h3 Nd7 5. Nf3 e5 6. d5 Ne7 7. Nc3 O-O 8. g4 f5 9. gxf5 gxf5 10. Rg1 Kh8 11. Bg5 Qe8 12. Bd3 Nc5 13. Bc2 Ng6 14. Qe2 Nf4 15. Bxf4 exf4 16. exf5 Bxf5 17. Bxf5 Bxc3+ 18. bxc3 Rxf5 19. Qxe8+ Rxe8+ 20. Kf1 Rh5 21. h4 Nd3 22. Rd1 Ne5 23. Re1 b6 24. Rg5 Rxg5 25. Nxg5 Re7 26. Re4 h6 27. Ne6 f3 28. Rf4 Kg8 29. h5 c5 30. Kg1 Rf7 31. Rxf7 Kxf7 32. Nd8+ Ke7 33. Nc6+ Kd7 34. Nxe5+ dxe5 35. Kh2 Kd6 36. a4 e4 37. Kg3 Ke5 38. Kh3 a6 39. Kg3 Kf5 40. Kh3 Kg5 41. Kg3 Kf5 42. Kh2 Ke5 43. Kg1 b5 44. cxb5 axb5 45. axb5 Kxd5 46. c4+ Kxc4 47. b6 Kd3 48. Kf1 c4 49. b7 c3 50. b8=Q c2 51. Qd6+ Kc3 52. Qa3+ Kd2 53. Qb4+ Kd1 54. Qd4+ Kc1 55. Qxe4 Kb2 56. Qb4+ Ka1 57. Qa3+ Kb1 58. Qb3+ Ka1 59. Qc3+ Kb1 60. Qb4+ Ka1 61. Qa5+ Kb1 62. Qb5+ Ka1 63. Qa5+ Kb1 64. Qb6+ Ka1 65. Qa6+ Kb1 66. Qb7+ Ka1 67. Qa8+ Kb1 68. Qb7+ Ka1 69. Qa6+ Kb1 70. Qb6+ Ka1 71. Qa5+ 1/2-1/2


[Site "https://www.chess.com"]

[Event "Titled Tuesday Blitz February 07 Early 2023"]
[White "Ortega Amarelle, Mariano"]
[Black "Khokhlova, Daria"]
[WhiteFideId "3504301"]
[BlackFideId "24182729"]
[WhiteElo "2472"]
[BlackElo "2111"]
[Result "1-0"]
[Round "08"]
[TimeControl "180+2"]
[Date "2023.02.07"]
[WhiteClock "0:01:42"]
[BlackClock "0:00:44"]

1. e4 c5 2. Nf3 d6 3. Nc3 Nf6 4. d4 cxd4 5. Nxd4 a6 6. f3 e5 7. Nb3 Be7 8. Be3 O-O 9. Qd2 Be6 10. O-O-O h5 11. Nd5 Nxd5 12. exd5 Bf5 13. Kb1 Nd7 14. Bd3 Bxd3 15. Qxd3 b5 16. g4 h4 17. Nd2 Nc5 18. Bxc5 dxc5 19. Ne4 c4 20. Qe2 Bd6 21. g5 Qd7 22. Rhg1 a5 23. Nf6+ gxf6 24. gxf6+ Kh8 25. Qe4 Qh3 26. Rg7 1-0


[Site "https://www.chess.com"]

[Event "Titled Tuesday Blitz February 07 Early 2023"]
[White "Bilan, Danila"]
[Black "Mendez Fortes, Eduardo Jesus"]
[WhiteFideId "24161918"]
[BlackFideId "3502376"]
[WhiteElo "2303"]
[BlackElo "2250"]
[Result "1-0"]
[Round "08"]
[TimeControl "180+2"]
[Date "2023.02.07"]
[WhiteClock "0:00:12"]
[BlackClock "0:01:12"]

1. d4 Nf6 2. Nf3 d5 3. c4 e6 4. g3 dxc4 5. Bg2 a6 6. a4 Nc6 7. O-O Na5 8. Nc3 c5 9. dxc5 Qxd1 10. Rxd1 Bxc5 11. Ne5 O-O 12. Bf4 Nh5 13. Ne4 Be7 14. Rac1 Nxf4 15. gxf4 Rb8 16. Nxc4 Nxc4 17. Rxc4 b5 18. axb5 axb5 19. Rc7 Bd8 20. Rcc1 b4 21. Nd6 Ba6 22. e4 Bb6 23. Bf1 Bxf1 24. Kxf1 Rfd8 25. b3 Kf8 26. Ke2 Ke7 27. Nc4 Rxd1 28. Rxd1 Bc7 29. f5 Bxh2 30. Rh1 Bf4 31. Rxh7 Bh6 32. Ne3 exf5 33. Nxf5+ Kf6 34. Nxh6 Kg6 35. Nxf7 Kxh7 36. Nd6 Kg6 37. f4 Kf6 38. Ke3 Ke6 39. Nf5 g6 40. Nd4+ Kf6 41. e5+ Ke7 42. Nc6+ Ke6 43. Nxb8 Kd5 44. Na6 g5 45. fxg5 Ke6 46. Nxb4 Kxe5 47. Nd3+ Kf5 48. Kd4 Kxg5 49. Kc5 Kf6 50. Kc6 Ke7 51. Kc7 Ke6 52. b4 Kd5 53. b5 Kc4 54. b6 Kb5 55. b7 Ka6 56. b8=Q Ka5 57. Kc6 Ka4 58. Qb4# 1-0


[Site "https://www.chess.com"]

[Event "Titled Tuesday Blitz February 07 Early 2023"]
[White "Cella, Glaucio Dalla Cortt"]
[Black "Mazurkiewicz, Michal"]
[WhiteFideId "2119455"]
[BlackFideId "1124943"]
[WhiteElo "1894"]
[BlackElo "2145"]
[Result "1-0"]
[Round "08"]
[TimeControl "180+2"]
[Date "2023.02.07"]
[WhiteClock "0:01:22"]
[BlackClock "0:00:02"]

1. e4 d6 2. Nf3 Nf6 3. Nc3 c6 4. d4 Bg4 5. Be2 e6 6. O-O d5 7. e5 Nfd7 8. h3 Bh5 9. Ng5 Bg6 10. Bh5 Be7 11. Bxg6 hxg6 12. Qg4 Bxg5 13. Bxg5 Qb6 14. Nd1 c5 15. dxc5 Qxc5 16. Be3 Qc7 17. f4 Nc6 18. b3 d4 19. Bf2 Nb6 20. c3 d3 21. c4 O-O-O 22. Nc3 a6 23. Rfd1 Nb4 24. Ne4 Kb8 25. Qf3 Nd7 26. a3 Nc2 27. Rac1 Nb6 28. Rxd3 Nxa3 29. Bc5 Rxd3 30. Qxd3 Rd8 31. Bd6 Rxd6 32. Qxd6 Kc8 33. Qxa3 Qc5+ 34. Qxc5+ 1-0


[Site "https://www.chess.com"]

[Event "Titled Tuesday Blitz February 07 Early 2023"]
[White "Omelja, Artem"]
[Black "Forgacs, Attila Jr."]
[WhiteFideId "14119846"]
[BlackFideId "773654"]
[WhiteElo "2446"]
[BlackElo "2264"]
[Result "1/2-1/2"]
[Round "08"]
[TimeControl "180+2"]
[Date "2023.02.07"]
[WhiteClock "0:00:32"]
[BlackClock "0:01:37"]

1. e4 e5 2. Nf3 Nc6 3. Nc3 Nf6 4. d4 exd4 5. Nxd4 Bb4 6. Nxc6 bxc6 7. Bd3 O-O 8. O-O d5 9. exd5 cxd5 10. Bg5 c6 11. Qf3 h6 12. Bxf6 Qxf6 13. Qxf6 gxf6 14. Ne2 Rd8 15. c3 Bd6 16. Rad1 Rb8 17. b3 Be6 18. Nd4 Bd7 19. Bb1 Bf8 20. Rfe1 c5 21. Nf5 Be6 22. Re3 c4 23. b4 a5 24. a3 axb4 25. axb4 Bxf5 26. Bxf5 d4 27. Rg3+ Kh8 28. h4 dxc3 29. Rxd8 Rxd8 30. Rxc3 Rd4 31. b5 Bc5 32. g3 Kg7 33. Kg2 Kf8 34. Bc8 Ke7 35. b6 Bxb6 36. Ba6 Rd2 37. Bxc4 Bxf2 38. Kf3 Bd4 39. Rd3 Rxd3+ 40. Bxd3 Kf8 41. g4 Kg7 42. h5 Bb2 43. Bf5 Bc1 44. Ke4 Bg5 45. Kf3 Kf8 46. Ke4 Ke7 47. Kf3 Kd6 48. Ke4 Kc5 49. Kf3 Kd4 50. Kg2 Ke5 51. Kh3 Kf4 52. Bg6 Kf3 53. Bxf7 Kf4 54. Bg6 Kf3 55. Bf5 Kf4 56. Kg2 Ke5 57. Kf2 Kf4 58. Ke2 Ke5 59. Kd3 Kf4 60. Kc4 Ke5 61. Kb5 Kf4 62. Ka6 Ke5 63. Kb7 Kf4 64. Kc8 Ke5 65. Kd7 Kf4 66. Ke8 Ke5 67. Kf7 Kf4 68. Ke6 Kg3 69. Kd5 Kf4 70. Kc4 Ke5 71. Kb3 Kf4 72. Ka2 Ke5 73. Kb1 Kf4 74. Kc2 Ke5 75. Kb3 Kf4 76. Ka4 Ke5 77. Kb5 Kf4 78. Kc4 1/2-1/2


[Site "https://www.chess.com"]

[Event "Titled Tuesday Blitz February 07 Early 2023"]
[White "Gutkin, Ilya"]
[Black "Vivas Zamora, Fabian Ernesto"]
[WhiteFideId "16203470"]
[BlackFideId "3902480"]
[WhiteElo "2273"]
[BlackElo "2346"]
[Result "1-0"]
[Round "08"]
[TimeControl "180+2"]
[Date "2023.02.07"]
[WhiteClock "0:00:06"]
[BlackClock "0:00:02"]

1. Nf3 Nf6 2. g3 g6 3. b3 Bg7 4. Bb2 O-O 5. Bg2 c5 6. c4 Nc6 7. O-O d5 8. cxd5 Nxd5 9. Bxg7 Kxg7 10. d4 cxd4 11. Nxd4 Nxd4 12. Qxd4+ Nf6 13. Qe5 Qb6 14. Nc3 Be6 15. Na4 Qd6 16. Qxd6 exd6 17. Bxb7 Rab8 18. Ba6 Nd5 19. Rfd1 Nb4 20. Rxd6 Rfd8 21. Rxd8 Rxd8 22. Bd3 Nxd3 23. Rd1 Rc8 24. Rxd3 Rc2 25. Nc3 Bf5 26. Re3 Bh3 27. Rd3 Rc1+ 28. Nd1 Bf5 29. Rd2 Bc2 30. Kg2 Bxd1 31. Kf3 Bc2 32. Rd7 a5 33. Ra7 a4 34. Rxa4 Ra1 35. Ke3 Bb1 36. Kd4 Rxa2 37. Rxa2 Bxa2 38. b4 Kf6 39. b5 Ke7 40. Kc5 Kd7 41. e4 Bb1 42. e5 Be4 43. f4 Ke6 44. b6 g5 45. Kd4 Kf5 46. fxg5 Bb7 47. h4 Kg4 48. e6 fxe6 49. Ke5 Bd5 50. Kf6 Kxg3 51. h5 Kh4 52. g6 hxg6 53. hxg6 e5 54. Kxe5 1-0


[Site "https://www.chess.com"]

[Event "Titled Tuesday Blitz February 07 Early 2023"]
[White "Slade, Theodore"]
[Black "Jakubowska, Anna"]
[WhiteFideId "426547"]
[BlackFideId "1121952"]
[WhiteElo "1995"]
[BlackElo "2139"]
[Result "1/2-1/2"]
[Round "08"]
[TimeControl "180+2"]
[Date "2023.02.07"]
[WhiteClock "0:00:13"]
[BlackClock "0:00:11"]

1. d4 f5 2. g3 g6 3. Bg2 Bg7 4. Nf3 Nf6 5. O-O O-O 6. c4 d6 7. Nc3 Nc6 8. Re1 e5 9. dxe5 dxe5 10. Qxd8 Rxd8 11. Bg5 Be6 12. b3 e4 13. Nd2 h6 14. Bf4 g5 15. Be3 Ng4 16. Ndb1 Nxe3 17. fxe3 Nb4 18. Rc1 Rd7 19. a3 Na6 20. Ra2 Rad8 21. g4 Nc5 22. gxf5 Bxf5 23. b4 Ne6 24. Bxe4 Bxe4 25. Nxe4 Rd1+ 26. Rxd1 Rxd1+ 27. Kf2 Rxb1 28. Rd2 Rb3 29. Rd7 Rxa3 30. Re7 Nf8 31. Rxc7 b6 32. c5 bxc5 33. bxc5 Be5 34. Re7 Ng6 35. Re8+ Kf7 36. Rc8 Ra4 37. Nd6+ Bxd6 38. cxd6 Ne5 39. Rc7+ Ke6 40. Rh7 Rh4 41. Rxa7 Kxd6 42. Kg3 Ke6 43. Ra6+ Kf5 44. Ra5 h5 45. Rb5 Re4 46. Kf2 Ke6 47. Rb6+ Kf5 48. Rb5 h4 49. h3 g4 50. hxg4+ Rxg4 51. Rb8 Ng6 52. Rb5+ Kf6 53. Rb6+ Kg7 54. Rb7+ Kh6 55. Rb6 h3 56. Kf3 Rg5 57. Rb1 Ne5+ 58. Kf4 Ng4 59. Kg3 Nxe3+ 60. Kxh3 Nf5 61. e4 Ng7 62. Rb6+ Rg6 63. Rb8 Rd6 64. Kg4 Re6 65. Kf4 Kg6 66. e5 Kf7 67. Rb7+ Re7 68. Rb6 Ne6+ 69. Kf5 Ng7+ 70. Kg5 Ne6+ 71. Kf5 Ng7+ 72. Ke4 Ne6 73. Rb2 Ng7 74. Rf2+ Ke8 75. Kd5 Ne6 76. Rf6 Nc7+ 77. Ke4 Ne6 78. Rh6 Kd7 79. Kd5 Nc7+ 80. Ke4 Ne6 81. Rh1 Nc5+ 82. Kf5 Ne6 83. Rd1+ Ke8 84. Rd6 Kf7 85. Ra6 Ng7+ 86. Ke4 Ne6 87. Rb6 Nc5+ 88. Kf5 Ne6 89. Ra6 Ng7+ 90. Ke4 Ne6 91. Rb6 Ng7 92. Rf6+ Ke8 93. Kd5 Kd7 94. Ra6 Ne8 95. Ra7+ Nc7+ 96. Ke4 Kd8 97. Kf5 Rf7+ 98. Kg6 Re7 99. Kf6 Re6+ 100. Kf5 Re7 101. Rb7 Kc8 102. Rb1 Kd7 103. Rd1+ Ke8 104. Rd6 Kf7 105. Rf6+ Ke8 106. e6 Nxe6 107. Rxe6 Rxe6 108. Kxe6 1/2-1/2


[Site "https://www.chess.com"]

[Event "Titled Tuesday Blitz February 07 Early 2023"]
[White "Silvestre, Christian"]
[Black "Sharafiev, Azat"]
[WhiteFideId "30956269"]
[BlackFideId "4186214"]
[WhiteElo "1942"]
[BlackElo "2427"]
[Result "0-1"]
[Round "08"]
[TimeControl "180+2"]
[Date "2023.02.07"]
[WhiteClock "0:00:05"]
[BlackClock "0:00:14"]

1. e4 c5 2. Nf3 d6 3. Bb5+ Bd7 4. a4 Nc6 5. O-O Nf6 6. Re1 e5 7. c3 Be7 8. d4 cxd4 9. cxd4 Nxd4 10. Nxd4 exd4 11. Qxd4 O-O 12. Nc3 a6 13. Bc4 Rc8 14. Ba2 Be6 15. Bf4 Bxa2 16. Rxa2 Qc7 17. Raa1 Qc4 18. Rad1 Rfd8 19. h3 h6 20. Rd3 b5 21. axb5 axb5 22. f3 d5 23. Qxc4 bxc4 24. Rxd5 Nxd5 25. Nxd5 Bc5+ 26. Kf1 Rd7 27. Be5 f6 28. Bc3 Kf7 29. Ra1 Ra7 30. Rc1 Ra2 31. g3 Rca8 32. Rc2 Ra1+ 33. Ke2 Rh1 34. Rd2 Rxh3 35. f4 Rxg3 36. e5 fxe5 37. fxe5 Rg2+ 38. Kf3 Rxd2 39. Bxd2 Rd8 40. Ke4 h5 41. Bg5 Rb8 42. Nf4 Rxb2 43. e6+ Ke8 44. Nxh5 Re2+ 45. Kd5 c3 46. Kxc5 c2 47. Nxg7+ Kf8 48. e7+ Kxg7 49. Kd6 Kf7 50. Kd7 c1=Q 51. Bxc1 Rxe7+ 52. Kd6 Re6+ 53. Kc5 Rg6 54. Ba3 Ke6 55. Kb4 Rg2 56. Kb3 Kd5 57. Bb4 Rg3+ 58. Bc3 Kc5 59. Kc2 Kc4 60. Bd2 Rg2 61. Kd1 Kd3 62. Ba5 Rg1+ 63. Be1 Rh1 0-1


[Site "https://www.chess.com"]

[Event "Titled Tuesday Blitz February 07 Early 2023"]
[White "Malka, Samuel"]
[Black "Cepo, Toni"]
[WhiteFideId "20643675"]
[BlackFideId "4675916"]
[WhiteElo "2165"]
[BlackElo "2145"]
[Result "1-0"]
[Round "08"]
[TimeControl "180+2"]
[Date "2023.02.07"]
[WhiteClock "0:01:33"]
[BlackClock "0:01:41"]

1. d4 Nf6 2. c4 e6 3. Nf3 d5 4. g3 Bb4+ 5. Bd2 Be7 6. Bg2 O-O 7. O-O c6 8. Qc2 Nbd7 9. Rd1 b6 10. b3 Ba6 11. a4 Rc8 12. a5 b5 13. c5 Ne4 14. Be3 Bf6 15. Nc3 Nxc3 16. Qxc3 b4 17. Qb2 Bxe2 18. Qxe2 e5 19. dxe5 Nxe5 20. Nxe5 Bxe5 21. Bd4 Bxd4 22. Rxd4 Qf6 23. Rad1 Rfe8 24. Qf3 Qxf3 25. Bxf3 Rb8 26. Bg4 Re7 27. Kf1 g6 28. Re1 Rxe1+ 29. Kxe1 Rb5 30. Bd7 Rxc5 31. Rxb4 Rxa5 32. Bxc6 Rc5 33. Bb7 a5 34. Rd4 Rc1+ 35. Ke2 Rc2+ 36. Rd2 Rc3 37. Bxd5 Kg7 38. Rd3 Rc2+ 39. Ke3 f5 40. h4 Kf6 41. Bf3 h6 42. Rd6+ Kg7 43. Rd3 g5 44. hxg5 hxg5 45. Bd5 Kf6 46. Bg8 Rc1 47. Kf3 Rb1 48. Bc4 Ra1 49. Rd6+ Ke5 50. Rd5+ Ke6 51. Rxa5+ 1-0


[Site "https://www.chess.com"]

[Event "Titled Tuesday Blitz February 07 Early 2023"]
[White "Shuvalov, Evgenij"]
[Black "Cherniaiev, Tykhon"]
[WhiteFideId "4187237"]
[BlackFideId "14182360"]
[WhiteElo "2038"]
[BlackElo "2330"]
[Result "0-1"]
[Round "08"]
[TimeControl "180+2"]
[Date "2023.02.07"]
[WhiteClock "0:00:02"]
[BlackClock "0:00:07"]

1. d4 Nf6 2. c4 e6 3. Nc3 d5 4. cxd5 exd5 5. Bg5 Be7 6. e3 O-O 7. Bd3 c5 8. dxc5 Bxc5 9. Qc2 h6 10. Bxf6 Qxf6 11. Nxd5 Qc6 12. Be4 Qb5 13. Ne2 Be6 14. O-O Na6 15. Nec3 Qa5 16. a3 Bd6 17. Rfd1 Be5 18. f4 Bxc3 19. Qxc3 Qxc3 20. Nxc3 Nc5 21. Bd5 Bg4 22. Rd4 a5 23. h3 Be6 24. Rad1 Rfe8 25. Kf2 Bxd5 26. Rxd5 Rac8 27. Kf3 Re6 28. Rd8+ Rxd8 29. Rxd8+ Kh7 30. Rc8 Nd3 31. Rc7 Nxb2 32. Rxb7 Nc4 33. Nd5 f5 34. a4 Nd2+ 35. Ke2 Ne4 36. Kd3 Nc5+ 37. Kc4 Nxb7 38. g4 fxg4 39. hxg4 g6 40. Kd4 Nd6 41. g5 hxg5 42. fxg5 Nf5+ 43. Kd3 Kg7 44. e4 Ne7 45. Ne3 Nc6 46. Nc4 Ne5+ 47. Nxe5 Rxe5 0-1


[Site "https://www.chess.com"]

[Event "Titled Tuesday Blitz February 07 Early 2023"]
[White "SicilianPanzer"]
[Black "Garayev, Kanan"]
[BlackFideId "13406671"]
[WhiteElo "2245"]
[BlackElo "2346"]
[Result "0-1"]
[Round "08"]
[TimeControl "180+2"]
[Date "2023.02.07"]
[WhiteClock "0:00:04"]
[BlackClock "0:00:52"]

1. d4 d5 2. c4 e6 3. Nc3 a6 4. cxd5 exd5 5. Nf3 Nf6 6. Bg5 Be6 7. e3 Be7 8. Bd3 Nbd7 9. O-O O-O 10. Ne2 h6 11. Bh4 Bg4 12. Bg3 Bxf3 13. gxf3 Nh5 14. Nf4 Nxf4 15. Bxf4 Bg5 16. Bg3 f5 17. f4 Be7 18. Qh5 Qe8 19. Qh3 Qf7 20. Kh1 c5 21. dxc5 Nxc5 22. Be2 Ne4 23. Rac1 Rac8 24. f3 Nd2 25. Rfd1 Nc4 26. Bxc4 dxc4 27. Rd7 Qe6 28. Rxb7 Qxe3 29. Qf1 Bf6 30. Rxc4 Rcd8 31. Rc2 Rfe8 32. Kg2 Rd2+ 33. Bf2 0-1


[Site "https://www.chess.com"]

[Event "Titled Tuesday Blitz February 07 Early 2023"]
[White "Jain Kashish Manoj"]
[Black "Buchenau, Frank"]
[WhiteFideId "35081098"]
[BlackFideId "4604350"]
[WhiteElo "2375"]
[BlackElo "2222"]
[Result "1-0"]
[Round "08"]
[TimeControl "180+2"]
[Date "2023.02.07"]
[WhiteClock "0:00:20"]
[BlackClock "0:00:02"]

1. Nf3 Nf6 2. g3 b6 3. Bg2 Bb7 4. O-O e6 5. d3 d5 6. Nbd2 Be7 7. e4 dxe4 8. Ng5 Nbd7 9. Ngxe4 Qc8 10. Re1 Nxe4 11. dxe4 O-O 12. Qe2 Nc5 13. a4 a5 14. b3 Bf6 15. e5 Be7 16. Bb2 Bxg2 17. Kxg2 Qb7+ 18. Qf3 Qxf3+ 19. Nxf3 Rfd8 20. Rad1 Kf8 21. Nd4 Rd5 22. Nc6 Rxd1 23. Rxd1 Ke8 24. Ba3 Bf8 25. h4 h5 26. Kf3 Na6 27. Bxf8 Kxf8 28. Rd4 Ke8 29. Kf4 f6 30. f3 Nc5 31. g4 hxg4 32. fxg4 Nd7 33. g5 fxe5+ 34. Nxe5 Nxe5 35. Kxe5 Ke7 36. Rf4 Rd8 37. Rd4 Rf8 38. Rf4 Rd8 39. c4 Rd3 40. g6 Re3+ 41. Kd4 Rxb3 42. Rf7+ Kd6 43. Rxg7 Rg3 44. h5 Rg4+ 45. Kd3 Ke5 46. Rxc7 Rg3+ 47. Ke2 Kf6 48. Rf7+ Kg5 49. Rh7 Kf6 50. Rb7 Kg5 51. Rxb6 e5 52. Kf2 Rg4 53. g7 Kxh5 54. Rb7 e4 55. Ke3 Kh4 56. c5 Kg3 57. c6 1-0


[Site "https://www.chess.com"]

[Event "Titled Tuesday Blitz February 07 Early 2023"]
[White "Shapiro, Viktor"]
[Black "Sanchez, Robert"]
[WhiteFideId "4175700"]
[BlackFideId "2034360"]
[WhiteElo "2192"]
[BlackElo "1966"]
[Result "0-1"]
[Round "08"]
[TimeControl "180+2"]
[Date "2023.02.07"]
[WhiteClock "0:00:18"]
[BlackClock "0:00:04"]

1. c4 e6 2. Nc3 d5 3. d4 Be7 4. Nf3 Nf6 5. Bg5 O-O 6. e3 c6 7. Qc2 h6 8. Bxf6 Bxf6 9. g4 Nd7 10. h4 dxc4 11. g5 Be7 12. gxh6 g6 13. h5 g5 14. Bxc4 Kh8 15. O-O-O b5 16. Be2 Bb7 17. Rhg1 f5 18. Kb1 a5 19. Ne5 Nxe5 20. dxe5 Qc7 21. f4 Qb6 22. Rd7 Rfe8 23. fxg5 Qxe3 24. Rf1 Ba6 25. g6 b4 26. g7+ Kg8 27. Bxa6 Rxa6 28. Qg2 Qxh6 29. Ne2 Qxg7 30. Qh1 Kh8 31. Rg1 Qxe5 32. Nd4 Bf6 33. Re1 Qg3 34. Nxe6 Qf2 35. Kc1 Qxb2+ 36. Kd1 Qb1+ 37. Kd2 Qxa2+ 38. Kd1 Rxe6 39. Rxe6 Qxe6 40. Rb7 Qb3+ 41. Ke2 Ra8 42. Qxc6 Qb2+ 43. Kf1 Rd8 44. Rd7 Qb1+ 45. Kf2 Qb2+ 46. Kf1 Rxd7 47. Qxd7 Qe5 48. Qe8+ Qxe8 0-1


[Site "https://www.chess.com"]

[Event "Titled Tuesday Blitz February 07 Early 2023"]
[White "Ansh M Shah"]
[Black "Lymar, Vladislav"]
[WhiteFideId "25033379"]
[BlackFideId "14162180"]
[WhiteElo "2171"]
[BlackElo "2119"]
[Result "0-1"]
[Round "08"]
[TimeControl "180+2"]
[Date "2023.02.07"]
[WhiteClock "0:00:08"]
[BlackClock "0:00:04"]

1. d4 d5 2. c4 e6 3. g3 c5 4. Bg2 dxc4 5. Nf3 Nc6 6. O-O Nf6 7. dxc5 Qxd1 8. Rxd1 Bxc5 9. Nbd2 Ng4 10. Ne4 Be7 11. h3 Nge5 12. Bf4 Nxf3+ 13. Bxf3 e5 14. Be3 Be6 15. Bc5 f5 16. Nd6+ Bxd6 17. Rxd6 Kf7 18. Bxc6 bxc6 19. Rxc6 Rhc8 20. Rxc8 Bxc8 21. Rd1 a5 22. Rd5 e4 23. Rd6 Rb8 24. Bd4 Be6 25. Ra6 Rb5 26. e3 g5 27. Kg2 c3 28. Bxc3 Bxa2 29. Rxa5 Rxa5 30. Bxa5 Ke6 31. Bd8 g4 32. hxg4 fxg4 33. Kf1 Kd5 34. Ke1 Kc4 35. Kd2 Kb3 36. Bf6 Bb1 37. Bc3 Bd3 38. Bd4 Bc4 39. Be5 Bd5 40. Kc1 Bc6 41. Kd2 Kc4 42. Kc2 Ba4+ 43. Kb1 Kd3 44. Ka2 Ke2 45. Ka3 Bc6 46. b4 Kxf2 47. Bf4 h5 48. Kb3 Bb5 49. Kc3 Kg2 50. Kd4 Bd3 51. Kc5 Kh3 52. b5 h4 53. gxh4 Kxh4 54. b6 Ba6 55. Kd6 g3 56. Bxg3+ Kxg3 57. Kc7 Kf3 58. Kb8 Bc4 59. Kc7 Bd5 60. Kd6 Ba8 61. Kc7 Kxe3 62. Kb8 Bd5 63. Kc7 Kd3 64. Kd6 Ba8 65. Kc7 e3 66. Kb8 Bf3 0-1


[Site "https://www.chess.com"]